 Dungeon Crawl Stone Soup version 0.27.0-1-g7a089689b8 (webtiles) character file.

Game seed: 3000736479778294331

53 RubberyChicken the Skirmisher (level 3, 0/34 HPs)
             Began as a Minotaur Monk on Aug 10, 2021.
             Succumbed to an adder's poison
             ... on level 2 of the Dungeon.
             The game lasted 00:04:03 (1387 turns).

RubberyChicken the Skirmisher (Minotaur Monk)       Turns: 1387, Time: 00:04:04

Health: 0/34       AC:  3    Str: 16    XL:     3   Next: 64%
Magic:  2/2        EV: 12    Int:  7    God:
Gold:   9          SH:  0    Dex: 12    Spells: 2/2 levels left

rFire    . . .     SeeInvis .   a - +0 hand axe
rCold    . . .     Faith    .   (no shield)
rNeg     . . .     Spirit   .   c - +0 leather armour
rPois    .         Reflect  .   (helmet restricted)
rElec    .         Harm     .   (no cloak)
rCorr    .         Rampage  .   (no gloves)
Will     .....                  (no boots)
Stlth    +.........             (no amulet)
HPRegen  0.11/turn              (no ring)
MPRegen  0.08/turn              (no ring)

@: mighty, lethally poisoned (0 -> -6), attractive
A: horns 2, retaliatory headbutt
a: no special abilities


You were on level 2 of the Dungeon.
You visited 1 branch of the dungeon, and saw 3 of its levels.

You collected 9 gold pieces.

Inventory:

Hand Weapons
 a - a +0 hand axe (weapon)
Missiles
 d - 32 stones (quivered)
Armour
 c - a +0 leather armour (worn)
 i - a +0 cloak
Scrolls
 f - a scroll of teleportation


   Skills:
 + Level 4.7 Fighting
 + Level 4.7 Axes
 - Level 3.2 Dodging
 - Level 1.5 Stealth


You had 2 spell levels left.
You didn't know any spells.
Your spell library contained the following spells:

 Spells                   Type           Power      Damage    Failure   Level
 Passwall                 Tmut/Erth      0%         N/A       65%         2
 Swiftness                Air            0%         N/A       86%         3
 Invisibility             Hex            0%         N/A       100%        6


Dungeon Overview and Level Annotations

Branches:
Dungeon (3/15)

Altars:
Elyvilon


Innate Abilities, Weirdness & Mutations

You have a pair of horns on your head.
You reflexively headbutt those who attack you in melee.


Message History

You hit the adder but do no damage.
The adder is heavily wounded.
You feel sick. The adder bites you.
You miss the adder.
The adder is heavily wounded.
You feel sick. The adder bites you.
You are more poisoned.
The adder poisons you! The adder bites you.
It was a potion of might.
You feel very mighty all of a sudden.
You feel sick. The adder closely misses you.
It was a potion of attraction.
You feel attractive to monsters.
You feel sick. The adder closely misses you.
You miss the adder.
The adder is heavily wounded.
You feel sick. The adder bites you.
* * * LOW HITPOINT WARNING * * *
You are lethally poisoned!
The adder poisons you! The adder closely misses you.
You closely miss the adder.
The adder is heavily wounded.
* * * LOW HITPOINT WARNING * * *
You feel sick. The adder bites you.
* * * LOW HITPOINT WARNING * * *
You slash the adder!
You kill the adder!
* * * LOW HITPOINT WARNING * * *
You feel sick.
You aren't carrying any potions.
Unknown command.
As you read the scroll labelled WECONU POUB, it crumbles to dust.
It is a scroll of identify.
f - a scroll of teleportation
* * * LOW HITPOINT WARNING * * *
You feel sick.
As you read the scroll labelled ARHOSI PEJETI, it crumbles to dust.
You assume a fearsome visage.
Nothing appears to happen.
It was a scroll of fear.
You die...

#.###......#
#..##......#
##.##.####.# #.##.#
#.# #..#.# #.#
##.#.####'######
#######...#.........#
#.......†.#.........#
#........@#.........#
#.........#.........#
+.........#.........#
#.........#.........#
#.....(...#.........#
#.........####'######
#........>..##.#
#######+###.##.#
#....#.#


There were no monsters in sight!

Vanquished Creatures
  2 adders (D:2)
  A worm (D:1)
  6 ball pythons
  2 endoplasms (D:1)
  2 giant cockroaches (D:1)
  6 goblins
  3 hobgoblins
  3 quokkas
  3 bats
  A frilled lizard (D:1)
  A kobold (D:2)
30 creatures vanquished.

Notes
Turn   | Place    | Note
-------+----------+-------------------------------------------
     0 | D:1      | RubberyChicken the Minotaur Monk began the quest for the
                  | Orb.
     0 | D:1      | Reached XP level 1. HP: 19/19 MP: 0/0
   171 | D:1      | Reached XP level 2. HP: 23/27 MP: 1/1
  1066 | D:2      | Reached XP level 3. HP: 34/34 MP: 2/2
  1289 | D:3      | Found a white marble altar of Elyvilon.
  1386 | D:2      | HP: 1/34 [poisoned by an adder]
  1387 | D:2      | Succumbed to an adder's poison

Illustrated notes

Levels and vault maps discovered:
D:1:      sevenhm_arrival_forest_fort_large_4, layout_basic
D:2:      layout_basic, kennysheep_decorative_pillar
D:3:      layout_basic, okawaru_trees_2, elyvilon_altar_5, trog_wizard,
          vehumet_statue

Skill      XL: |  1 |
---------------+----+-----
Fighting       | 4 |  4.7
Axes           | 4 |  4.7
Dodging        | |  3.2
Stealth        | |  1.5

Action                   || total
-------------------------++-------
Melee: Hand axe          ||    80
       Headbutt          ||     5
Throw: Stone             ||    29
  Use: Scroll            ||     2
       Potion            ||     2
 Stab: Sleeping          ||     3
Armor: Leather armour    ||    14
Dodge: Dodged            ||    47
